 Dungeon Crawl Stone Soup version 0.31-a0-818-ge7c7cf74f0 (webtiles) character file.

Game seed: 10806196316734837113

154 Essalna the Conjurer (level 5, -2/35 HPs)
             Began as a Demonspawn Conjurer on Sept 23, 2023.
             Succumbed to an adder's poison
             ... on level 3 of the Dungeon.
             The game lasted 00:03:34 (1956 turns).

Essalna the Conjurer (Demonspawn Conjurer)          Turns: 1956, Time: 00:03:35

Health: -2/35      AC:  2    Str:  8    XL:     5   Next: 13%
Magic:  10/10      EV: 12    Int: 21    God:
Gold:   116        SH:  0    Dex: 11    Spells: 10/11 levels left

rFire   . . .        d - +0 dagger
rCold   . . .        (no shield)
rNeg    . . .        a - +0 robe
rPois   .            (no helmet)
rElec   .            (no cloak)
rCorr   .            (no gloves)
SInv    .            (no boots)
Will    .....        (no amulet)
Stlth   ++           (no ring)
HPRegen 0.25/turn    (no ring)
MPRegen 0.12/turn

%: no passive effects
@: lethally poisoned (-2 -> -14)
A: ignite blood 1, demonic magic 1
a: no special abilities


You were on level 3 of the Dungeon.
You visited 1 branch of the dungeon, and saw 3 of its levels.

You collected 116 gold pieces.

Inventory:

Hand Weapons
 d - a +0 dagger (weapon)
Armour
 a - a +0 robe (worn)
Jewellery
 c - a ring of ice
Scrolls
 b - a scroll of immolation {unknown}
 e - a scroll of identify {unknown}
 f - a scroll of vulnerability {unknown}
Potions
 g - a potion of mutation {unknown}


   Skills:
 - Level 1.7 Dodging
 - Level 1.7 Stealth
 + Level 3.7 Spellcasting
 + Level 5.3 Conjurations


You had 10 spell levels left.
You knew the following spells:

 Your Spells              Type           Power      Damage    Failure   Level
a - Magic Dart            Conj           100%       1d8       1%          1

Your spell library contained the following spells:

 Spells                   Type           Power      Damage    Failure   Level
 Searing Ray              Conj           52%        2d6       1%          2
 Dazzling Flash           Conj/Hex       30%        N/A       12%         3
 Call Imp                 Summ           6%         N/A       19%         2
 Cigotuvi's Dreadful Rot  Necr/Pois/Air  6%         N/A       19%         2
 Mephitic Cloud           Conj/Pois/Air  11%        N/A       19%         3
 Fulminant Prism          Conj/Hex       7%         3d7       38%         4
 Iskenderun's Mystic Bla  Conj/Tloc      15%        2d5       38%         4
 Agony                    Necr           3%         N/A       98%         5
 Bombard                  Conj/Erth      7%         9d2       99%         6
 Starburst                Conj/Fire      7%         6d4       99%         6


Dungeon Overview and Level Annotations

Branches:
Dungeon (3/15)

Altars:


Innate Abilities, Weirdness & Mutations

Your demonic aura sometimes causes spilled blood to erupt in flames.
Spells you cast may paralyse adjacent enemies.


Message History

The adder barely misses you. The adder completely misses you.
The adder closely misses you. The adder barely misses you. The adder bites you.
You are poisoned.
The adder poisons you! The adder bites you.
You are more poisoned.
The adder poisons you!
You feel very sick. The adder bites you.
You feel sick. The adder closely misses you.
You feel sick. The adder bites you.
You feel sick. The adder bites you but does no damage.
The adder barely misses you.
You feel sick. The adder closely misses you.
You feel sick. The adder bites you but does no damage.
You feel sick. The adder barely misses you.
The adder bites you but does no damage.
You feel sick.
You are no longer poisoned.
The adder bites you but does no damage. The adder bites you.
The adder barely misses you. The adder bites you.
You are poisoned.
The adder poisons you!
You feel sick. The adder bites you.
You feel sick. The adder bites you.
* * * LOW HITPOINT WARNING * * *
You feel sick. The adder bites you.
* * * LOW HITPOINT WARNING * * *
You feel sick.
You are no longer poisoned.
The adder bites you.
* * * LOW HITPOINT WARNING * * *
You are lethally poisoned!
The adder poisons you! The adder bites you.
* * * LOW HITPOINT WARNING * * *
You are more poisoned.
The adder poisons you!
You die...

############
#..........#
#..........#
#....S@....#
#...........#
#...........#
.....#.?..###
.:##.#.[... .
. ....### .
#.### .. ..


You could see an adder.

Vanquished Creatures
  Terence (D:2)
  Natasha (thrice) (D:2)
  An adder (D:2)
  2 dart slugs (D:1)
  6 ball pythons (D:1)
  4 bats
  2 endoplasms (D:1)
  4 goblins
  2 hobgoblins (D:1)
  7 jackals (D:1)
  5 kobolds
  A quokka (D:1)
  3 frilled lizards
  A rat (D:1)
42 creatures vanquished.

Notes
Turn   | Place    | Note
-------+----------+-------------------------------------------
     0 | D:1      | Essalna the Demonspawn Conjurer began the quest for the
                  | Orb.
     0 | D:1      | Reached XP level 1. HP: 13/13 MP: 3/3
   238 | D:1      | Gained mutation: Spells you cast may paralyse adjacent
                  | enemies. [demonic ancestry]
   238 | D:1      | Reached XP level 2. HP: 19/19 MP: 1/5
   639 | D:1      | Reached XP level 3. HP: 24/24 MP: 1/7
   778 | D:1      | Got a weird book
  1032 | D:2      | Noticed Natasha
  1037 | D:2      | Killed Natasha
  1169 | D:2      | Found a faded altar of an unknown god.
  1297 | D:2      | Noticed Terence
  1305 | D:2      | Reached XP level 4. HP: 28/30 MP: 4/8
  1348 | D:2      | Killed Terence
  1349 | D:2      | Reached skill level 5 in Conjurations
  1444 | D:2      | Noticed Natasha
  1450 | D:2      | Killed Natasha
  1844 | D:2      | Noticed Natasha
  1849 | D:2      | Killed Natasha
  1850 | D:2      | Gained mutation: Your demonic aura sometimes causes spilled
                  | blood to erupt in flames. [demonic ancestry]
  1850 | D:2      | Reached XP level 5. HP: 25/35 MP: 4/10
  1955 | D:3      | HP: 1/35 [adder (1)]
  1956 | D:3      | Succumbed to an adder's poison

Illustrated notes

Levels and vault maps discovered:
D:1:      dpeg_arrival_tiny_a, layout_basic, serial_bayou_ford_a
D:2:      layout_loops_corners, hellmonk_ecumenical_altar_crossroads,
          uniq_natasha, uniq_terence
D:3:      layout_basic, serial_shops, nicolae_square_shop, dk_noncrumbling_4

Skill      XL: |  1  2  3  4 |
---------------+-------------+-----
Spellcasting   | 3 |  3.7
Conjurations   | 5 |  5.3
Dodging        | |  1.7
Stealth        | |  1.7

Action                     |  1- 3 |  4- 6 || total
---------------------------+-------+-------++-------
  Melee: Dagger            |    22 |    18 ||    40
         Punch             |       |     1 ||     1
   Cast: Magic Dart        |    59 |    27 ||    86
    Use: Potion            |     1 |     2 ||     3
   Stab: Paralysed         |       |    10 ||    10
         Invisible         |       |     1 ||     1
 Armour: Robe              |    12 |    24 ||    36
  Dodge: Dodged            |    24 |    21 ||    45

Table legend: (Time is in decaauts)
 A = Elapsed time spent in this place.
 B = Non-inter-level travel time spent in this place.
 C = Inter-level travel time spent in this place.
 D = Time resting spent in this place.
 E = Time spent auto-exploring this place.
 F = Levels seen in this place.
 G = Mean time per level.
                   A        B        C        D        E       F      G
               +--------+--------+--------+--------+--------+-----+--------+
         Total |   1981 |   1945 |     36 |      0 |   1687 |   3 |  660.3 |
       Dungeon |   1981 |   1945 |     36 |      0 |   1687 |   3 |  660.3 |
               +--------+--------+--------+--------+--------+-----+--------+

Top non-repeatable levels by time:
     D:1: 1014 daAuts
     D:2: 942 daAuts
     D:3: 24 daAuts
